 Dungeon Crawl Stone Soup version 0.31-a0-188-g5e087ee2ca (webtiles) character file.

Game seed: 5824082232227740430

25 qw the Shooter (level 2, -5/16 HPs)
             Began as a Deep Elf Hunter on June 23, 2023.
             Slain by Sigmund
             ... wielding a +0 scythe
              (6 damage)
             ... on level 2 of the Dungeon.
             The game lasted 00:00:15 (606 turns).

qw the Shooter (Deep Elf Hunter)                     Turns: 606, Time: 00:00:15

Health: -5/16      AC:  5    Str:  8    XL:     2   Next: 82%
Magic:  4/4        EV: 10    Int: 13    God:
Gold:   49         SH:  0    Dex: 18    Spells: 1/1 levels left

rFire   . . .        Y - +0 shortbow
rCold   . . .        (shield currently unavailable)
rNeg    . . .        i - +0 ring mail
rPois   .            (no helmet)
rElec   .            (no cloak)
rCorr   .            (no gloves)
SInv    .            (no boots)
Will    .....        (no amulet)
Stlth   +            (no ring)
HPRegen 0.22/turn    (no ring)
MPRegen 0.09/turn

%: no passive effects
@: no status effects
A: no striking features
a: no special abilities


You were on level 2 of the Dungeon.
You visited 1 branch of the dungeon, and saw 2 of its levels.

You collected 49 gold pieces.


   Skills:
 - Level 1.5 Fighting
 + Level 6.5 Ranged Weapons
 - Level 2.4 Dodging
 - Level 1.2 Stealth


You had one spell level left.
You didn't know any spells.
Your spell library was empty.

Inventory:

Hand Weapons
 Y - a +0 shortbow (weapon)
Armour
 i - a +0 ring mail (worn)
Scrolls
 b - a scroll of immolation {unknown}
Potions
 a - a potion of curing {unknown}
 e - a potion of cancellation
 f - a potion of heal wounds {unknown}
 h - a potion of haste {unknown}

Dungeon Overview and Level Annotations

Branches:
Dungeon (2/15)

Altars:

Annotations:
D:2 Sigmund


Message History

You now have 49 gold pieces (gained 13).
You open the door.
Sigmund and a bat come into view.
Sigmund shouts!
The bat barely misses you.
Enter note:
Enter note: You shoot an arrow.
The arrow barely misses the bat.
The bat barely misses you. x2
You shoot an arrow. The arrow misses the bat.
The bat closely misses you.
Sigmund gestures wildly while chanting.
Sigmund flickers and vanishes!
Deactivating autopickup; reactivate with Ctrl-A.
The bat misses you.
You shoot an arrow.
The arrow hits the bat but does no damage.
The bat hits you but does no damage. The bat barely misses you.
Something hits you.
You shoot an arrow. The arrow hits the bat.
The bat is severely wounded.
The bat hits you but does no damage.
A magic dart appears from out of thin air!
The magic dart hits you.
You shoot an arrow.
The arrow hits the bat but does no damage.
The bat is severely wounded.
The bat hits you but does no damage. The bat closely misses you.
Something hits you but does no damage.
You shoot an arrow. The arrow barely misses the bat.
The bat hits you but does no damage.
You shoot an arrow. The bat hits you but does no damage.
Something hits you but does no damage.
You shoot an arrow. The arrow misses the bat.
The bat barely misses you. The bat completely misses you. Something hits you!
Ouch! That really hurt!
You shoot an arrow. The arrow closely misses the bat.
The bat barely misses you. The bat hits you but does no damage.
Something hits you.
You die...

### .... #... #...b#####
##### #...{'@..# .<%.#
#....###.# ###.#. #.##
#...# ....#.#####+####.#.#
##..#..........#.#.#
#..#..........#.#.######...
#..#............#..........
#..#............#..#####...
#..#............#......+


You could see a bat.

Vanquished Creatures
  A worm (D:2)
  2 bats (D:1)
  4 endoplasms (D:1)
  A giant cockroach (D:1)
  2 goblins (D:1)
  A hobgoblin (D:1)
  2 kobolds (D:1)
  A quokka (D:1)
  4 frilled lizards
  3 rats (D:1)
21 creatures vanquished.

Notes
Turn   | Place    | Note
-------+----------+-------------------------------------------
     0 | D:1      | qw the Deep Elf Hunter began the quest for the Orb.
     0 | D:1      | Reached XP level 1. HP: 12/12 MP: 3/3
     0 | D:1      | 0 ||| qw: Version: 0.3-a-9-g12657ce
     0 | D:1      | 0 ||| qw: Game counter: 4339
     0 | D:1      | 0 ||| qw: Always use a shield: true
     0 | D:1      | 0 ||| qw: God list: Okawaru
     0 | D:1      | 0 ||| qw: Allow faded altars: false
     0 | D:1      | 0 ||| qw: Do Orc after D:15 true
     0 | D:1      | 0 ||| qw: Do second Lair branch before Depths: true
     0 | D:1      | 0 ||| qw: Lair rune preference: random
     0 | D:1      | 0 ||| qw: Plans: Normal
     0 | D:1      | 0 ||| PLANNING D:1-11
   255 | D:1      | Reached XP level 2. HP: 16/16 MP: 4/4
   295 | D:1      | Reached skill level 6 in Ranged Weapons
   504 | D:1      | 504 ||| UPGRADING to +0 ring mail.
   514 | D:1      | 514 ||| DROPPING +0 leather armour.
   515 | D:1      | 515 ||| DROPPING amulet of magic regeneration.
   516 | D:1      | 516 ||| READING scroll labelled SAPSEA ILUETS.
   517 | D:1      | 517 ||| READING 3 scrolls labelled WOAMISHOEGATH.
   518 | D:1      | 518 ||| READING scroll labelled JOISMETRAS.
   519 | D:1      | 519 ||| DRINKING 2 golden potions.
   520 | D:1      | 520 ||| DROPPING scroll of butterflies.
   521 | D:1      | 521 ||| DROPPING 2 scrolls of fear.
   597 | D:2      | Noticed Sigmund
   605 | D:2      | HP: 1/16 [something (10)]
   606 | D:2      | Slain by Sigmund

Levels and vault maps discovered:
D:1:      elethiomel_arrival_shortcut, layout_basic
D:2:      layout_basic, uniq_sigmund, uniq_robin, uniq_jessica

Skill      XL: |  1  2 |
---------------+-------+-----
Ranged Weapons | 6 |  6.5
Fighting       | |  1.5
Dodging        | |  2.4
Stealth        | |  1.2

Action                     || total
---------------------------++-------
   Fire: Shortbow          ||    45
    Use: Scroll            ||     3
         Potion            ||     1
 Armour: Ring mail         ||     9
  Dodge: Dodged            ||    11

Table legend:
 A = Non-vault XP
 B = Vault XP
 C = Vault XP percentage of total XP
 D = Non-vault monster count
 E = Vault monster count
 F = Vault count percentage of total count
                 A         B        C        D         E       F
            +---------+---------+-------+---------+---------+-------
      Total |      36 |       0 |   0.0 |      21 |       0 |   0.0
            +---------+---------+-------+---------+---------+-------
        D:1 |      30 |       0 |   0.0 |      19 |       0 |   0.0
        D:2 |       6 |       0 |   0.0 |       2 |       0 |   0.0
            +---------+---------+-------+---------+---------+-------
